Cogmind - Beta 15 @@@ ROGUE MODE // 2025.05.19 @ 22:42:27 Player: Rob Result: Destroyed by G-34 Mercenary with Small Laser Performance ------------- Evolutions (1) 500 Regions Visited (3) 600 Robots Destroyed (19) 95 Value Destroyed (429) 429 Prototype IDs (0) 0 Alien Tech Used (0) 0 Bonus (0) 0 TOTAL SCORE: 1624 Bonus ------- None Cogmind --------- Core Integrity 0/400 Matter 300/300 Energy 100/100 System Corruption 7% Temperature Cool (6) Movement Core (700) Ox13 Location -9/Storage Parts ------- > --- POWER (2) -------- (None) > --- PROPULSION (2) --- (None) > --- UTILITY (3) ------ High-capacity Storage Unit > --- WEAPON (2) ------- (None) > --- INVENTORY (20) --- Heat Sink Improved Targeting Computer Trap Extractor (0/4) Small Laser Small Laser Assault Rifle Assault Rifle Peak State ------------ > --- POWER ------------ Ion Engine > --- PROPULSION ------- Aluminum Leg Aluminum Leg > --- UTILITY ---------- High-capacity Storage Unit Large Matter Pod Large Matter Pod > --- WEAPON ----------- Medium Laser Assault Rifle > --- INVENTORY -------- Heat Sink Improved Targeting Computer Trap Extractor EM Pulse Gun Small Laser Assault Rifle Assault Rifle Light Assault Rifle [Rating: 9] Favorites ----------- Power Ion Engine Engine Ion Engine Propulsion Aluminum Leg Leg Aluminum Leg Utility Large Matter Pod Storage Large Matter Pod Weapon Assault Rifle Energy Gun Medium Laser Ballistic Gun Assault Rifle Build | -11 -10 -9 -9 ------- Run | Yrd Mat Mat Sto Slots Evolved 2 | . . 2 . Power 1 | . . 1 . Propulsion . | . . . . Utility 1 | . . 1 . Weapon . | . . . . Parts Attached 16 | 5 9 1 1 Power 1 | 1 . . . Engine 1 | 1 . . . Core . | . . . . Reactor . | . . . . Propulsion 3 | 2 1 . . Treads . | . . . . Leg 3 | 2 1 . . Wheel . | . . . . Hover . | . . . . Flight . | . . . . Utility 6 | 1 4 1 . Device . | . . . . Storage 6 | 1 4 1 . Processor . | . . . . Hackware . | . . . . Protection . | . . . . Artifact . | . . . . Weapon 6 | 1 4 . 1 Energy Gun 2 | 1 1 . . Energy Cannon . | . . . . Ballistic Gun 4 | . 3 . 1 Ballistic Cannon . | . . . . Launcher . | . . . . Special Weapon . | . . . . Impact Weapon . | . . . . Slashing Weapon . | . . . . Piercing Weapon . | . . . . Special Melee Weapon . | . . . . Unidentified Prototypes . | . . . . Parts Lost 9 | . . . 9 Power 1 | . . . 1 Propulsion 2 | . . . 2 Utility 2 | . . . 2 Weapon 4 | . . . 4 Highest Loss Streak 8 | . . . 8 To Critical Strikes 2 | . . . 2 Average Backups 5 | 2 6 5 6 Power . | . . . . Propulsion . | . . . . Utility . | . . . 1 Weapon 3 | 1 3 5 4 Tool/Special . | . . . . Unused Backups 10 | . 6 . 4 Power 2 | . 2 . . Propulsion 3 | . 3 . . Utility 4 | . 1 . 3 Weapon 1 | . . . 1 Tool/Special . | . . . . Average Slot Usage (%) 86 | . 92 88 77 Engine 11 | . 14 11 7 Leg 23 | . 28 22 17 Storage 27 | . 22 33 31 Energy Gun 11 | . 12 11 10 Ballistic Gun 12 | . 14 11 10 Peak Build Rating 9 | 5 7 8 9 Average Rating 6 | 3 6 8 7 On Entrance 5 | . 5 7 8 Naked Turns . | . . . . Heaviest Build 55 | 12 54 55 55 Greatest Support 20 | 20 20 20 20 Greatest Overweight (x) 16 | . 2 2 16 Average Overweight (x) 1 | . . 2 2 Largest Inventory Capacity 20 | 8 20 20 20 Average Capacity 15 | 7 11 20 20 Most Carried 10 | 5 10 5 8 Average Carried 5 | 2 6 5 6 Final Capacity 20 | 8 20 20 20 Final Carried 7 | 3 6 5 7 Class Distribution -------------------- 100% | Mutant Dominant Class ---------------- Mutant | -10/Materials Mutant | -9/Materials Mutant | -9/Storage Resources | -11 -10 -9 -9 ----------- Run | Yrd Mat Mat Sto Matter Collected 837 | 227 249 . 361 Remotely . | . . . . Salvage Created 563 | . 231 . 332 Parts 34 | . 19 . 15 Haulers Intercepted . | . . . . Recyclers Shooed . | . . . . Parts Field Recycled . | . . . . Retrieved Matter . | . . . . Parts Self-Destructed . | . . . . Prevented . | . . . . Kills | -11 -10 -9 -9 ------- Run | Yrd Mat Mat Sto Combat Hostiles Destroyed 17 | . 10 . 7 Guns 16 | . 10 . 6 AOE 1 | . . . 1 Classes Destroyed 4 | . 3 . 1 Watcher 2 | . 1 . 1 Swarmer 8 | . 8 . . Grunt 8 | . 2 . 6 Sentry 1 | . . . 1 Best Kill Streak 5 | . 5 . 3 Combat Bots Only 5 | . 5 . 3 Max Kills in Single Turn 2 | . 2 . 1 Gunslinging 1 | . 1 . . Exploded 1 | . . . 1 Melee . | . . . . Uniques/NPCs Destroyed . | . . . . Combat | -11 -10 -9 -9 -------- Run | Yrd Mat Mat Sto Hostile Shots Fired 160 | . 51 . 109 Missed 52 | . 16 . 36 Hits 108 | . 35 . 73 Melee 5 | . . . 5 Projectile 103 | . 35 . 68 Critical Strikes 5 | . 1 . 4 Damage Taken 1292 | . 324 . 968 Core 459 | . 49 . 410 Absorbed by Shields . | . . . . Core Remaining (%) 90 | 100 80 . . Volleys Fired 57 | . 26 . 31 Largest 2 | . 2 . 2 Hottest 90 | . 90 . 90 Shots Fired 113 | . 52 . 61 Gun 113 | . 52 . 61 Cannon . | . . . . Launcher . | . . . . Special . | . . . . Kinetic 75 | . 47 . 28 Thermal 28 | . 3 . 25 Explosive . | . . . . Electromagnetic 10 | . 2 . 8 Robot Hit Streak 12 | . 4 . 12 Robot Miss Streak 6 | . 6 . 5 Penetration Max . | . . . . Secondary Targets 3 | . 3 . . Max Gunslinging Chain 1 | . 1 . . Shots Hit Robots 63 | . 22 . 41 Core Hits 28 | . 13 . 15 Critical Kills 1 | . 1 . . Critical Parts Destroyed . | . . . . Critical Strikes 3 | . 1 . 2 Burn 1 | . . . 1 Destroy 1 | . 1 . . Corrupt 1 | . . . 1 Melee Attacks . | . . . . Impact . | . . . . Slashing . | . . . . Piercing . | . . . . Sneak Attacks . | . . . . Combat Hostiles . | . . . . Follow-up Attacks . | . . . . Damage Inflicted 935 | . 306 . 629 Guns 815 | . 306 . 509 Cannons . | . . . . Explosions 120 | . . . 120 Melee . | . . . . Ramming . | . . . . Kinetic 485 | . 274 . 211 Thermal 336 | . 12 . 324 Explosive . | . . . . Electromagnetic 114 | . 20 . 94 Impact . | . . . . Slashing . | . . . . Piercing . | . . . . Highest Corruption 7 | . 2 . 7 Average Corruption 2 | . 2 . 4 Corruption Purged . | . . . . Corruption Blocked . | . . . . Effects 2 | . 1 . 1 Heat Flow Errors 1 | . 1 . . Data Loss (minor) 1 | . . . 1 Overload Shots . | . . . . Overflow Damage . | . . . . Projectiles . | . . . . Explosions . | . . . . Melee . | . . . . Knockbacks . | . . . . Impact . | . . . . Kinetic . | . . . . Secondary . | . . . . Self-Inflicted Damage 37 | . . . 37 Shots 1 | . . . 1 Rammed . | . . . . Targets Rammed . | . . . . Kicked . | . . . . Crushed . | . . . . Highest Temperature 199 | . 199 . 74 Average Temperature 30 | . 62 . 19 Received Heat Transfer 363 | . 12 . 351 Siege Activations . | . . . . Martial Activations . | . . . . Shielding Activations . | . . . . Robots Disrupted . | . . . . Combat Hostiles . | . . . . Robots Corrupted . | . . . . Combat Hostiles . | . . . . Parts Fried . | . . . . Impact Corruptions . | . . . . Robots Melted . | . . . . Combat Hostiles . | . . . . Parts Melted . | . . . . Heat Transferred 903 | . 37 . 866 Parts Sabotaged . | . . . . Parts Stolen . | . . . . Parts Stripped . | . . . . Power Chain Reactions 1 | . . . 1 Alert | -11 -10 -9 -9 ------- Run | Yrd Mat Mat Sto Maximum Alert Level . | . . . . Low Security (%) 100 | 100 100 100 100 Level 1 . | . . . . Level 2 . | . . . . Level 3 . | . . . . Level 4 . | . . . . Level 5 . | . . . . High Security . | . . . . Max Security . | . . . . Peak Influence 171 | . 171 48 75 Initial 48 | . . 48 3 Average 47 | . 77 28 21 Influence Increases 463 | . 248 . 215 Destroy 0b10 Robot/C 340 | . 200 . 140 Destroy 0b10 Robot/NC 10 | . 5 . 5 Destroy Leader 64 | . 42 . 22 Destroy Structure 4 | . 1 . 3 Lose Combat Pursuer 45 | . . . 45 Influence Decreases 438 | . 134 106 198 Entered New Map 71 | . . 66 5 Time Decay 277 | . 134 40 103 Lost Part 90 | . . . 90 Squads Dispatched 4 | . 1 . 3 Investigation . | . . . . Extermination . | . . . . Reinforcement 2 | . 1 . 1 Assault . | . . . . Garrison 2 | . . . 2 Intercept . | . . . . Searches Triggered . | . . . . Construction Impeded . | . . . . Haulers Reinforced . | . . . . Active Scanning Responses . | . . . . Cargo Convoy Interrupts . | . . . . Stealth | -11 -10 -9 -9 --------- Run | Yrd Mat Mat Sto Distress Signals 3 | . 1 . 2 Communications Jammed . | . . . . Distress Signals . | . . . . Times Spotted 34 | . 17 . 17 Peak Tracking Total 7 | . 5 . 7 Tactical Retreats 2 | . . . 2 Traps | -11 -10 -9 -9 ------- Run | Yrd Mat Mat Sto Traps Triggered 2 | . 2 . . Indirectly . | . . . . Trap Hack Attempts . | . . . . Triggered . | . . . . Disarmed . | . . . . Reprogrammed . | . . . . Reused . | . . . . Traps Extracted . | . . . . Installed . | . . . . Triggered . | . . . . Machines | -11 -10 -9 -9 ---------- Run | Yrd Mat Mat Sto Machines Disabled . | . . . . Max in Single Turn . | . . . . Machines Repaired . | . . . . Machines Dismantled . | . . . . Machines Sabotaged . | . . . . Overloaded Fab Kills . | . . . . Hacking | -11 -10 -9 -9 --------- Run | Yrd Mat Mat Sto Machines Accessed 5 | . 1 2 2 Terminals 4 | . . 2 2 Fabricators . | . . . . Repair Stations . | . . . . Recycling Units 1 | . 1 . . Scanalyzers . | . . . . Garrison Access . | . . . . Total Hacks 10 | . 2 4 4 Successful 5 | . 2 1 2 Failed 5 | . . 3 2 Catastrophic . | . . . . Database Lockouts . | . . . . Manual . | . . . . Terminals 8 | . . 4 4 Fabricators . | . . . . Repair Stations . | . . . . Recycling Units 2 | . 2 . . Scanalyzers . | . . . . Garrison Access . | . . . . Terminal Hacks 3 | . . 1 2 Record 3 | . . 1 2 Fabricator Hacks . | . . . . Repair Station Hacks . | . . . . Recycling Unit Hacks 2 | . 2 . . Recycle Component 1 | . 1 . . Report Inventory 1 | . 1 . . Scanalyzer . | . . . . Garrison Access Hacks . | . . . . Unauthorized Hacks . | . . . . Terminals . | . . . . Fabricators . | . . . . Repair Stations . | . . . . Recycling Units . | . . . . Scanalyzers . | . . . . Garrison Access . | . . . . Data Cores Recovered . | . . . . Used . | . . . . Hacking Detections 3 | . . 2 1 Full Trace Events 1 | . . . 1 Feedback Events . | . . . . Feedback Blocked . | . . . . Robot Schematics Acquired . | . . . . Robots Built . | . . . . Authchips . | . . . . Time . | . . . . Total Robot Build Rating . | . . . . Part Schematics Acquired . | . . . . Parts Built . | . . . . Authchips . | . . . . Time . | . . . . Total Part Build Rating . | . . . . Parts Repaired . | . . . . Time . | . . . . Parts Recycled 1 | . 1 . . Recycled Matter . | . . . . Retrieved Matter . | . . . . Retrieved Components . | . . . . Parts Scanalyzed . | . . . . Part Schematics Acquired . | . . . . Parts Damaged . | . . . . Bothacking | -11 -10 -9 -9 ------------ Run | Yrd Mat Mat Sto Used RIF Installer . | . . . . Robots Hacked . | . . . . Non-combat . | . . . . Combat . | . . . . Robot Hacks Applied . | . . . . Relay Couplers Released . | . . . . Fabnet Peak Effective % . | . . . . Robots Rewired . | . . . . Allies Hacked . | . . . . Hacks Repelled . | . . . . Allies | -11 -10 -9 -9 -------- Run | Yrd Mat Mat Sto Total Allies . | . . . . Largest Group . | . . . . Highest-Rated Group . | . . . . Highest-Rated Ally . | . . . . Total Orders . | . . . . Ally Attacks . | . . . . Total Damage . | . . . . Kills . | . . . . Allies Corrupted . | . . . . Allies Melted . | . . . . Intel | -11 -10 -9 -9 ------- Run | Yrd Mat Mat Sto Active Infowar (turns) . | . . . . Robot Analysis Total . | . . . . Derelict Logs Recovered . | . . . . Drone Launches . | . . . . Drone Recoveries . | . . . . Exploration | -11 -10 -9 -9 ------------- Run | Yrd Mat Mat Sto Turns Passed 945 | 63 446 95 341 Spaces Moved 387 | 52 219 37 79 Core 23 | 17 . . 6 Treads . | . . . . Legs 364 | 35 219 37 73 Wheels . | . . . . Hover . | . . . . Flight . | . . . . Fastest Speed 50 | 50 120 260 260 Average Speed 182 | 97 148 260 297 Slowest Speed 850 | 120 260 260 850 Overloaded Moves . | . . . . Propulsion Burnouts . | . . . . Robots Hopped . | . . . . Potential Cave-ins . | . . . . Cave-ins Triggered . | . . . . Exploration Rate (%) 15 | 4 32 6 19 Regions Visited 3 Branch Regions 1 Pre-discovered Areas . | . . . . Known Exits Taken . | . . . . Unknown Exits Taken 3 | 1 1 1 . Scrap Searched . | . . . . Spaces Dug . | . . . . Terrain Destroyed 3 | . . . 3 Melee . | . . . . Projectile . | . . . . AOE 3 | . . . 3 Terrain Rammed . | . . . . Walls Destroyed . | . . . . Machines Disabled . | . . . . Actions | -11 -10 -9 -9 --------- Run | Yrd Mat Mat Sto Total 520 | 64 292 37 127 Wait 20 | . 10 . 10 Move 384 | 51 218 36 79 Hop . | . . . . Pick Up 29 | 8 17 . 4 Fast Attach . | . . . . Attach 11 | 5 3 1 2 Detach . | . . . . Swap 7 | . 7 . . Drop 11 | . 11 . . Fire 57 | . 26 . 31 Melee . | . . . . Ram . | . . . . Kick . | . . . . Crush . | . . . . Escape Stasis . | . . . . Rewire 1 | . . . 1 Trap . | . . . . Miscellaneous . | . . . . Route ------- -11/Scrapyard -10/Materials -9/Materials -9/Storage History --------- Turn | Location | Event 9 | -11/Scrapyard | Discovered new exit (range 16) 64 | -11/Scrapyard | Entered Materials 266 | -10/Materials | Discovered new exit (range 13) 309 | -10/Materials | Build established: Mutant 510 | -10/Materials | Entered another Materials area 510 | -9/Materials | Evolved 2 slots: Power x1, Utility x1 597 | -9/Materials | Discovered new exit (range 3) 605 | -9/Materials | Entered Storage 826 | -9/Storage | Garrison activated, responded to threat 911 | -9/Storage | Core integrity fell below 50% 935 | -9/Storage | Core integrity fell below 20% 946 | -9/Storage | Destroyed by G-34 Mercenary with Small Laser Last Messages --------------- 00918_ Lrg. Matter Pod destroyed. 00918_ System corrupted by crushing effect (+2). 00919_ Acquired Corrupted Sml. Laser. 00921_ W-16 Scout sends out distress signal. 00924_ K-01 Serf collects debris. 00931_ Critical hit (Smash). 00931_ Lgt. Assault Rifle destroyed. 00931_ System corrupted by crushing effect (+2). 00933_ K-01 Serf collects debris. 00934_ Lrg. Matter Pod destroyed. 00934_ System corrupted by crushing effect (+3). 00934_ Knocked back. 00935_ K-01 Serf collects debris. 00937_ System corrupted: Component data lost. 00937_ K-01 Serf collects debris. 00940_ K-01 Serf cleans the Terminal. 00940_ M-13 Machinist repairs B-36 Bruiser. 00943_ K-01 Serf collects debris. 00944_ Knocked back. 00944_ R-06 Scavenger collects Imp. Ion Engine. Map ----- +----------------------------------------------------+ | ???????????????????????????????????????????????? | | ???????????????????????????????????????????????? | | ???????????????????????????????????????????????? | | ???????????????????????????????????????????????? | | ???????????????????????????????????????????????? | | ???????????????????????????????????????????????? | | ?????????????????????# ????????????????? ??????? | | ????????????????????? ????????????????? ??????? | | ?????????????????????# ???????????????? ??????? | | ?????????????????????# ?????###########+##????? | | ?????????????????????# ?????# + #????? | | ?????????????????????# ?????# # #????? | | ?????????????????????# ?????# !] # #????? | | ????????????????????## #????# # #????? | | ????????????######### ????# + #????? | | ????????????? %" ##### # #????? | | ????????????????? Tr#= / # #????? | | ????????????????????# #!### * # #????? | | ?????????????????????# =%[%### # #????? | | ?????????????????????# k! ############ #????? | | ?????????????????????# sm!##?????????# #????? | | ???????????????????? + g k #??????????# ##???? | | ?????????????????? # s #??????????# "#???? | | ???????????????? ?## gb #??????????# T#???? | | ?????????????? """ ???# #??????????+ "#???? | | ???????????????"""????# @ #??????????# ##???? | | ????????????????"?????# #??????????# #????? | | ??????????????????????# #??????????# #????? | | ??????????????????????# #??????????# #????? | | ??????????????????????# #??????????# #????? | | ??????????????????????# ############ #????? | | ??????????????????????# ## """ """ # #????? | | ??????????????????????# u ## """ """ # #????? | | ??????????????????????# ## """ """ # #????? | | ??????????????????????# #T + #????? | | ??????????????????????# ## # #????? | | ??????????????????????# ## # #????? | | ??????????????????????# ## # #????? | | ??????????????????????# ?# # #????? | | ??????????????????????# ?########### #????? | | ??????????????????????? ???????????#####????? | | ???????????????????????????????????????????????? | | ???????????????????????????????????????????????? | | ???????????????????????????????????????????????? | | ???????????????????????????????????????????????? | | ???????????????????????????????????????????????? | | ???????????????????????????????????????????????? | | ???????????????????????????????????????????????? | | ???????????????????????????????????????????????? | | ???????????????????????????????????????????????? | +----------------------------------------------------+ Best States ------------- Heat Dissipation 28 Energy Generation 10 Energy Capacity 250 Matter Stores 572 Matter Capacity 600 Sight Range 16 Terrain Scan Density 10 Evasion (%) 55 Item Schematics ----------------- None Robot Schematics ------------------ None Fabricated ------------ Nothing Repaired ---------- Nothing Alien Tech Used ----------------- None Achievements -------------- None Challenges ------------ None Game ------ Seed DeflectorAlphaPick Manual? 0 Play Time 00:40:04 Cumulative 18.8 hours Start 2025.05.19 @ 21:22:04 End 2025.05.19 @ 22:42:27 Sessions 1 Manual Loads 0 Difficulty Rogue Special Mode None Game No. 24 Rogue 24 Adventurer 0 Explorer 0 Win Type - Total 0 Types 0/0/0/0/0/0/0/0/0/0 Lore% 3 Gallery% 17 Achievement% 8 Wizard Run 0 Options --------- Layout 1 ASCII 0 Keyboard 0 Movement Mouse Keybinds 0 Fullscreen 1 Font 42/SmallcapsGlow Map View 59x39 Zoom Use 0% Tactical HUD 1 Map Filters NONE Filters NONE Steam 1 RUN: 35b8a0ae-4db1-4c7a-97d6-bb21b55f0959